 Dungeon Crawl Stone Soup version 0.19.1-1-g22dce08 (webtiles) character file.

16711 theAP the Devastator (level 12, 0/59 HPs)
             Began as a Deep Elf Conjurer on Jan 6, 2017.
             Was an Elder of Vehumet.
             Slain by a wolf spider simulacrum (30 damage)
             ... on level 13 of the Dungeon on Jan 7, 2017.
             The game lasted 01:50:39 (17696 turns).

theAP the Devastator (Deep Elf Conjurer)           Turns: 17696, Time: 01:50:40

Health: 0/59       AC:  9    Str:  5    XL:     12   Next: 12%
Magic:  4/31       EV: 15    Int: 26    God:    Vehumet [****..]
Gold:   767        SH:  0    Dex: 15    Spells: 10 memorised, 10 levels left

rFire  . . .     SeeInvis +     (no weapon)
rCold  . . .     Gourm    .     R - +0 troll leather armour
rNeg   . . .     Faith    .     (no shield)
rPois  .         Spirit   .     o - +1 helmet
rElec  .         Reflect  .     y - +2 cloak {MR+}
rCorr  .         Harm     .     (no gloves)
MR     ++...                    (no boots)
Stlth  ++........               n - amulet of rage
                                S - ring of see invisible
                                i - ring of wizardry

@: no status effects
A: see invisible, sturdy frame 2
a: Renounce Religion, Evoke Berserk Rage


You were on level 13 of the Dungeon.
You worshipped Vehumet.
Vehumet was greatly pleased with you.
You were hungry.

You visited 2 branches of the dungeon, and saw 14 of its levels.

You collected 1047 gold pieces.
You spent 280 gold pieces at shops.

Inventory:

Armour
 o - a +1 helmet (worn)
 y - a +2 cloak of magic resistance (worn)
 K - a +2 robe of cold resistance
 R - a +0 troll leather armour (worn)
Jewellery
 i - a ring of wizardry (left hand)
 l - a +3 ring of strength
 n - an amulet of rage (around neck)
 C - a +1 ring of protection
 H - an uncursed amulet of harm
 S - a ring of see invisible (right hand)
Wands
 a - a wand of lightning (9/15)
 d - a wand of acid (4/15)
 g - a wand of iceblast (2/15)
 j - a wand of random effects (22/48)
 k - a wand of slowing (14/48)
 m - a wand of confusion (26/48)
 w - a wand of flame (20/48)
 D - a wand of polymorph (8/24)
 Q - a wand of hasting (9/9)
 T - a wand of acid (10/15)
 W - a wand of iceblast (10/15)
 Y - a wand of paralysis (16/24)
 Z - a wand of lightning (7/15)
Scrolls
 e - 2 scrolls of recharging
 h - 4 scrolls of remove curse
 s - 6 scrolls of teleportation
 v - a scroll of fear
 I - 5 scrolls of identify
 M - a scroll of amnesia
 P - a scroll of fog
 X - 2 scrolls of magic mapping
Potions
 q - 4 potions of curing
 u - 4 potions of heal wounds
 z - 2 potions of might
 A - a potion of agility
 E - 2 potions of haste
 F - a potion of resistance
 J - a potion of ambrosia
Books
 b - a book of Conjurations

   Spells                             Type                      Level
   a - Magic Dart                     Conjuration                  1
   b - Searing Ray                    Conjuration                  2
   c - Dazzling Spray                 Conjuration/Hexes            3
   d - Fulminant Prism                Conjuration/Hexes            4
   e - Iskenderun's Mystic Blast      Conjuration                  4
   f - Iskenderun's Battlesphere      Conjuration/Charms           5
 O - a book of Minor Magic

   Spells                             Type                      Level
   a - Magic Dart                     Conjuration                  1
   b - Blink                          Translocation                2
   c - Call Imp                       Summoning                    2
   d - Repel Missiles                 Charms/Air                   2
   e - Slow                           Hexes                        2
   f - Conjure Flame                  Conjuration/Fire             3
   g - Mephitic Cloud                 Conjuration/Poison/Air       3
Miscellaneous
 L - a box of beasts
 V - a phantom mirror
Comestibles
 c - 10 bread rations
 t - 7 meat rations
 x - 2 slices of pizza
 G - 4 beef jerkies


   Skills:
 + Level 6.5 Dodging
 - Level 2.4 Stealth
 + Level 13.6 Spellcasting
 * Level 16.0 Conjurations
 - Level 6.4 Charms
 + Level 3.8 Evocations


You had 10 spell levels left.
You knew the following spells:

 Your Spells              Type           Power        Failure   Level  Hunger
a - Magic Dart            Conj           ####         0%          1    None
b - Searing Ray           Conj           ######       0%          2    None
c - Iskenderun's Mystic   Conj           #######.     1%          4    None
d - Iskenderun's Battles  Conj/Chrm      ######..     1%          5    ##.....
e - Blink                 Tloc           N/A          2%          2    None
f - Slow                  Hex            ###.....     2%          2    None
g - Conjure Flame         Conj/Fire      ######..     1%          3    None
h - Mephitic Cloud        Conj/Pois/Air  #####...     1%          3    None
i - Repel Missiles        Chrm/Air       ####..       1%          2    None
j - Sticky Flame          Conj/Fire      ######..     1%          4    None


Dungeon Overview and Level Annotations

Branches:
Dungeon (13/15)            Temple (1/1) D:5            Lair (0/6) D:10
    Orc (0/2) D:9
 Vaults: D:13-14

Altars:
Ashenzari
Cheibriados
Dithmenos
Elyvilon
Fedhas
Gozag
Hepliaklqana
Kikubaaqudgha
Makhleb
Nemelex Xobeh
Okawaru
Qazlal
Ru
Sif Muna
Trog
Uskayaw
Vehumet
Xom
Yredelemnul
Zin
The Shining One

Shops:
D:10 ::   D:11 =


Innate Abilities, Weirdness & Mutations

You have supernaturally acute eyesight. (SInv)
Your movements are less encumbered by armour. (ER -4)


Message History

Confirm with . or Enter, or press ? or * to list all spells.
Aiming: Magic Dart
Press: ? - help, Shift-Dir - straight line, f/p - tengu conjurer
Aim: a tengu conjurer The magic dart hits the wolf spider simulacrum.
The wolf spider simulacrum is almost destroyed.
The wolf spider simulacrum misses you.
The wolf spider simulacrum bites you but does no damage.
The wolf spider simulacrum closely misses you.
The wolf spider simulacrum bites you. The wolf spider simulacrum freezes you!
Casting: Magic Dart
Confirm with . or Enter, or press ? or * to list all spells.
Aiming: Iskenderun's Mystic Blast
Press: ? - help, Shift-Dir - straight line, f/p - tengu conjurer
Aim: a tengu conjurer The orb of energy misses the tengu conjurer.
The wolf spider simulacrum hits you!
The wolf spider simulacrum freezes you!!
Ouch! That really hurt!
You die...

.....#...÷.........
##.#.#..........#......#
.....?.(......##........
#.......................
................).......
...###>...<.....)....)..
.#####..................
# #...............)....
#..##........#@.......
..# ##.....#..Z.......
.# ###.....Q........
#####..........
#.......... ............
####.†....... ##........
#.<.....#


You could see a tengu conjurer and a wolf spider simulacrum.

Vanquished Creatures
  A centaur warrior (D:13)
  3 hill giants (D:10)
  An ugly thing (D:12)
  A cyclops (D:12)
  The ghost of godfroggy the Carver, a novice MiFi of Qazlal (D:4)
  A tengu conjurer (D:13)
  2 trolls
  A two-headed ogre (D:11)
  Prince Ribbit (D:9)
  3 hippogriffs
  A vampire (D:12)
  2 wyverns
  16 yaks
  7 vampire mosquitoes
  Edmund (D:5)
  A soldier ant (D:12)
  3 wargs (D:9)
  A water moccasin (D:3)
  6 ice beasts
  2 black bears
  7 orc warriors
  6 phantoms
  2 sky beasts
  2 necrophages
  10 ogres
  11 centaurs
  2 crocodiles
  3 big kobolds
  10 bullfrogs
  2 scorpions (D:4)
  10 killer bees
  An electric eel (D:9)
  2 wights (D:8)
  2 howler monkeys
  3 crimson imps
  A gnoll shaman (D:4)
  11 hounds
  A quasit (D:10)
  8 orc priests
  2 jellies
  A bullfrog skeleton (D:4)
  Crazy Yiuf (D:5)
  2 centaur skeletons
  Jessica (D:2)
  3 iguanas
  Terence (D:2)
  12 orc wizards
  5 worker ants
  2 killer bee zombies
  Robin (D:2)
  12 gnolls
  3 adders
  2 shadow imps
  3 oozes
  An adder skeleton (D:7)
  2 worms
  3 dart slugs
  6 leopard geckos
  50 orcs
  10 bats
  9 giant cockroaches
  7 hobgoblins
  2 jackals (D:1)
  6 quokkas
  3 ball pythons
  4 frilled lizards
  16 goblins
  23 kobolds
  A leopard gecko zombie (D:6)
  A quokka skeleton (D:4)
  8 rats
352 creatures vanquished.

Vanquished Creatures (collateral kills)
  An adder skeleton (D:6)
  A quokka (D:6)
2 creatures vanquished.

Vanquished Creatures (others)
  A fungus (D:8)
  5 toadstools (D:1)
6 creatures vanquished.

Grand Total: 360 creatures vanquished

Notes
Turn   | Place    | Note
-------+----------+-------------------------------------------
     0 | D:1      | theAP the Deep Elf Conjurer began the quest for the Orb.
     0 | D:1      | Reached XP level 1. HP: 10/10 MP: 6/6
   160 | D:1      | Reached XP level 2. HP: 14/15 MP: 2/8
   365 | D:1      | Reached skill level 5 in Conjurations
   452 | D:1      | Learned a level 2 spell: Searing Ray
   723 | D:2      | Found a shattered altar of Ashenzari.
   736 | D:2      | Noticed Jessica
   793 | D:2      | Killed Jessica
   793 | D:2      | Reached XP level 3. HP: 19/19 MP: 5/10
   959 | D:2      | Found a shimmering altar of Xom.
  1036 | D:2      | Found a snail-covered altar of Cheibriados.
  1040 | D:2      | Reached XP level 4. HP: 24/24 MP: 7/12
  1084 | D:2      | Found an ancient bone altar of Kikubaaqudgha.
  1100 | D:2      | Found an opulent altar of Gozag.
  1370 | D:2      | Noticed Terence
  1379 | D:2      | Killed Terence
  1410 | D:2      | Reached skill level 6 in Conjurations
  1652 | D:2      | Noticed Robin
  1660 | D:2      | Killed Robin
  1661 | D:2      | Reached XP level 5. HP: 28/28 MP: 2/14
  1826 | D:3      | Noticed a water moccasin
  1845 | D:3      | Killed a water moccasin
  1845 | D:3      | Reached skill level 5 in Spellcasting
  2003 | D:3      | Found a hazy altar of Hepliaklqana.
  2007 | D:3      | Reached XP level 6. HP: 32/32 MP: 11/16
  2008 | D:3      | Reached skill level 7 in Conjurations
  3117 | D:4      | Reached XP level 7. HP: 36/36 MP: 7/18
  3370 | D:4      | Reached skill level 8 in Conjurations
  3479 | D:4      | Learned a level 4 spell: Iskenderun's Mystic Blast
  3636 | D:4      | Learned a level 5 spell: Iskenderun's Battlesphere
  4133 | D:4      | Reached skill level 9 in Conjurations
  4295 | D:4      | Noticed godfroggy's ghost (novice MiFi)
  4357 | D:4      | Killed godfroggy's ghost
  4357 | D:4      | Reached XP level 8. HP: 41/41 MP: 0/22
  4678 | D:5      | Entered Level 5 of the Dungeon
  4727 | D:5      | Reached skill level 10 in Conjurations
  5440 | D:5      | Noticed Edmund
  5446 | D:5      | Killed Edmund
  5446 | D:5      | Reached skill level 11 in Conjurations
  5564 | D:5      | Reached XP level 9. HP: 44/45 MP: 19/24
  5726 | D:5      | Reached skill level 1 in Charms
  5936 | D:5      | Found a staircase to the Ecumenical Temple.
  5946 | Temple   | Entered the Ecumenical Temple
  6139 | D:5      | Found a runed door.
  6283 | D:5      | Noticed Crazy Yiuf
  6286 | D:5      | Killed Crazy Yiuf
  6807 | D:6      | Found a radiant altar of Vehumet.
  6820 | D:6      | Became a worshipper of Vehumet
  7552 | D:7      | Found a sparkling altar of Nemelex Xobeh.
  7552 | D:7      | Found a basalt altar of Yredelemnul.
  7622 | D:7      | Reached skill level 10 in Spellcasting
  7943 | D:7      | Reached skill level 12 in Conjurations
  8071 | D:7      | Found a stormy altar of Qazlal.
  8510 | D:8      | Reached skill level 5 in Charms
  8656 | D:8      | Reached * piety under Vehumet
  8656 | D:8      | Offered knowledge of Sandblast by Vehumet.
  9246 | D:8      | Found a bloodstained altar of Trog.
  9728 | D:8      | Reached XP level 10. HP: 48/50 MP: 8/26
  9826 | D:8      | Offered knowledge of Throw Frost by Vehumet.
 10017 | D:8      | Reached ** piety under Vehumet
 10107 | D:8      | Found a sacrificial altar of Ru.
 10960 | D:9      | Reached skill level 13 in Conjurations
 11097 | D:9      | Offered knowledge of Static Discharge by Vehumet.
 11132 | D:9      | Noticed Prince Ribbit
 11290 | D:9      | Killed Prince Ribbit
 11797 | D:9      | Found a staircase to the Orcish Mines.
 11921 | D:10     | Entered Level 10 of the Dungeon
 11931 | D:10     | Reached skill level 14 in Conjurations
 12108 | D:10     | Found a staircase to the Lair.
 12115 | D:10     | Noticed a hill giant
 12118 | D:10     | Killed a hill giant
 12267 | D:10     | Gained mutation: You have supernaturally acute eyesight. (SInv) [mutagenic meat]
 12268 | D:10     | Gained mutation: Your movements are slightly less encumbered by armour. (ER -2) [mutagenic meat]
 12269 | D:10     | Gained mutation: Your movements are less encumbered by armour. (ER -4) [mutagenic meat]
 12374 | D:10     | Found Syitag's Book Shoppe.
 12382 | D:10     | Bought a book of Minor Magic for 280 gold pieces
 12385 | D:10     | Learned a level 2 spell: Blink
 12388 | D:10     | Learned a level 2 spell: Slow
 12392 | D:10     | Learned a level 3 spell: Conjure Flame
 12396 | D:10     | Learned a level 3 spell: Mephitic Cloud
 12399 | D:10     | Learned a level 2 spell: Repel Missiles
 12430 | D:10     | Reached *** piety under Vehumet
 12765 | D:10     | Noticed a hill giant
 12807 | D:9      | Reached XP level 11. HP: 48/54 MP: 2/29
 13060 | D:10     | Killed a hill giant
 13292 | D:10     | Noticed a hill giant
 13303 | D:10     | Killed a hill giant
 13680 | D:10     | Found Woelon's Book Shoppe.
 13774 | D:10     | Reached skill level 15 in Conjurations
 14045 | D:10     | Offered knowledge of Sticky Flame by Vehumet.
 14051 | D:10     | Learned a level 4 spell: Sticky Flame
 14329 | D:11     | Found Korhaelu's Jewellery Shop.
 14530 | D:11     | Reached skill level 1 in Evocations
 15678 | D:12     | Reached skill level 5 in Dodging
 15757 | D:12     | Reached **** piety under Vehumet
 15941 | D:12     | Noticed a red ugly thing
 15947 | D:12     | Killed a red ugly thing
 16096 | D:12     | Offered knowledge of Airstrike by Vehumet.
 17237 | D:13     | Noticed a centaur warrior
 17243 | D:13     | Killed a centaur warrior
 17243 | D:13     | Reached XP level 12. HP: 59/59 MP: 14/31
 17689 | D:13     | Reached skill level 16 in Conjurations
 17696 | D:13     | Slain by a wolf spider simulacrum

Skill      XL: |  1  2  3  4  5  6  7  8  9 10 11 12 |
---------------+-------------------------------------+-----
Conjurations   | 5 6 7 9 11 12 14 15 16 | 16.0
Spellcasting   | 4 5 6 8 9 10 12 13 | 13.6
Charms         | 6 |  6.4
Dodging        | 6 |  6.5
Evocations     | 3 |  3.8
Stealth        | |  2.4

Action                   |  1- 3 |  4- 6 |  7- 9 | 10-12 || total
-------------------------+-------+-------+-------+-------++-------
Melee: Unarmed           |       |     3 |     7 |    12 ||    22
 Cast: Magic Dart        |    51 |    78 |    85 |    97 ||   311
       Searing Ray       |     4 |    15 |     5 |       ||    24
       Iskenderun's Myst |       |       |    92 |   223 ||   315
       Iskenderun's Batt |       |       |    23 |    26 ||    49
       Conjure Flame     |       |       |       |    12 ||    12
       Mephitic Cloud    |       |       |       |    12 ||    12
       Repel Missiles    |       |       |       |     1 ||     1
       Blink             |       |       |       |     1 ||     1
Evoke: Wand              |       |       |     2 |     7 ||     9
  Use: Scroll            |     3 |     8 |     8 |    15 ||    34
       Potion            |       |     1 |     1 |       ||     2
  Eat: Chunk             |       |     6 |    22 |    21 ||    49
       Royal jelly       |       |       |     2 |     1 ||     3
       Pizza             |       |       |     1 |       ||     1
       Fruit             |       |       |       |     2 ||     2
       Beef jerky        |       |       |       |     3 ||     3
Armor: Robe              |       |     6 |    11 |    15 ||    32
       Troll leather arm |       |       |       |    27 ||    27
Dodge: Dodged            |       |    22 |    30 |    99 ||   151
       Deflected         |       |       |       |     4 ||     4
